 Dungeon Crawl Stone Soup version 0.22-a0-580-gd5db89c (webtiles) character file.

41 Amnesiac the Ducker (level 3, 0/18 HPs)
             Began as a Spriggan Wanderer on July 3, 2018.
             Was an Initiate of Ru.
             Succumbed to an adder's poison
             ... in the Ecumenical Temple.
             The game lasted 00:02:19 (1127 turns).

Amnesiac the Ducker (Spriggan Wanderer)             Turns: 1127, Time: 00:02:19

Health: 0/18       AC:  2    Str: 11    XL:     3   Next: 32%
Magic:  4/4        EV: 19    Int: 12    God:    Ru [......]
Gold:   80         SH:  0    Dex: 14    Spells: 2/2 levels left

rFire    . . .     SeeInvis +   a - +2 quarterstaff
rCold    . . .     Gourm    .   (shield currently unavailable)
rNeg     . . .     Faith    .   d - +0 robe
rPois    .         Spirit   .   (helmet restricted)
rElec    .         Reflect  .   (no cloak)
rCorr    .         Harm     .   (gloves unavailable)
MR       .....                  (boots unavailable)
Stlth    ++........             (no amulet)
HPRegen  0.06/turn              (no ring)
MPRegen  0.09/turn              (no ring)

@: lethally poisoned (0 -> -9), very quick
A: very small, unfitting armour, see invisible, herbivore, speed 3, slow
metabolism 2
a: Renounce Religion


You were in the Ecumenical Temple.
You worshipped Ru.
Ru was noncommittal.
You were not hungry.

You visited 2 branches of the dungeon, and saw 5 of its levels.

You collected 80 gold pieces.

Inventory:

Hand Weapons
 a - a +2 quarterstaff (weapon)
Armour
 d - a +0 robe (worn)
 h - a +0 buckler
Jewellery
 j - an uncursed ring of fire {unknown}
Scrolls
 c - 2 scrolls of teleportation {!r}
 e - 5 scrolls of identify {!r, unknown}
Potions
 b - a potion of curing {!q}
 g - a potion of haste {!q, unknown}
 i - a potion of heal wounds {!q, unknown}
Comestibles
 f - 5 rations


   Skills:
 + Level 2.0 Fighting
 - Level 2.1 Staves
 - Level 2.0 Throwing
 * Level 4.4 Dodging
 - Level 1.5 Stealth
 - Level 1.0 Unarmed Combat


You had 2 spell levels left.
You didn't know any spells.
Your spell library was empty.

Dungeon Overview and Level Annotations

Branches:
Dungeon (4/15)             Temple (1/1) D:4

Altars:
Ashenzari
Dithmenos
Elyvilon
Fedhas
Makhleb
Ru
Trog
Wu Jian
Xom
Zin


Innate Abilities, Weirdness & Mutations

You are very small and have problems with some larger weapons.
You are too small for most types of armour.
You have supernaturally acute eyesight. (SInv)
You are a herbivore.
You cover ground extremely quickly.
You need to consume almost no food.


Message History

You climb downwards.
Welcome to the Ecumenical Temple!
There is a staircase back to the Dungeon here.
The adder barely misses you.
You open the gate.
Found a blossoming altar of Fedhas and a shadowy altar of Dithmenos.
Found a shattered altar of Ashenzari and a white marble altar of Elyvilon.
There is an open gate here.
Found a shimmering altar of Xom.
Found a bloodstained altar of Trog and a burning altar of Makhleb.
Found a sacrificial altar of Ru and a glowing silver altar of Zin.
There is a shimmering altar of Xom here.
There is a fountain of clear blue water here.
There is a sacrificial altar of Ru here.
You kneel at the altar of Ru.
Ru welcomes you! The adder bites you but does no damage.
You hit the adder.
The adder is moderately wounded.
The adder closely misses you.
You sock the adder!
The adder is almost dead.
The adder misses you. The adder bites you but does no damage.
You miss the adder.
The adder is almost dead.
The adder barely misses you. The adder bites you.
You miss the adder.
The adder is almost dead.
The adder bites you.
You completely miss the adder.
The adder is almost dead.
The adder completely misses you. The adder barely misses you.
You closely miss the adder.
The adder is almost dead.
The adder bites you.
You closely miss the adder.
The adder is almost dead.
The adder completely misses you. The adder bites you.
* * * LOW HITPOINT WARNING * * *
You are poisoned.
The adder poisons you!
You closely miss the adder.
The adder is almost dead.
You feel sick. The adder bites you.
* * * LOW HITPOINT WARNING * * *
You are lethally poisoned!
The adder poisons you!
You barely miss the adder.
The adder is almost dead.
* * * LOW HITPOINT WARNING * * *
You feel sick. The adder barely misses you. x2
You are too injured to fight recklessly!
You are too injured to fight recklessly!
You are too injured to fight recklessly!
You are too injured to fight recklessly!
You barely miss the adder.
The adder is almost dead.
* * * LOW HITPOINT WARNING * * *
You feel sick. The adder bites you.
* * * LOW HITPOINT WARNING * * *
The adder completely misses you.
You sock the adder!
You kill the adder!
Your Fighting skill increases to level 2!
You die...

≈≈≈≈..... ≈≈≈≈.... ≈≈≈.....
####### ≈.P.... ###.....###
.......###..._.....###
......##........._...##.......
...P..'..._........_..#......≈
......'......._.⌠.....#.....P≈
♣.....'..._.....@.._..#.....P≈
......##........._...##.......
≈......###..._.....###.......≈
≈.P......###.....###........≈≈
≈≈.........#######....<....≈≈≈
≈≈≈≈.....S............P...≈≈≈≈
≈≈≈≈...♣.♣...P...........≈≈≈≈≈
≈≈≈≈≈...................≈≈≈≈≈≈
≈≈≈≈≈≈P.≈≈..≈...≈..≈≈≈.≈≈≈≈≈≈≈


There were no monsters in sight!

Vanquished Creatures
  An adder (Temple)
  A worm (D:2)
  A leopard gecko (D:3)
  4 bats
  A giant cockroach (D:2)
  3 goblins
  5 hobgoblins
  2 quokkas (D:2)
  A frilled lizard (D:1)
  4 kobolds
  2 rats (D:3)
25 creatures vanquished.

Notes
Turn   | Place    | Note
-------+----------+-------------------------------------------
     0 | D:1      | Amnesiac the Spriggan Wanderer began the quest for the Orb.
     0 | D:1      | Amnesiac set off with: a +2 quarterstaff, a potion of curing {!q}, a scroll of teleportation {!r}, a +0 robe, a ration
     0 | D:1      | Reached XP level 1. HP: 10/10 MP: 2/2
   145 | D:1      | Reached skill level 2 in Dodging
   498 | D:1      | Reached skill level 3 in Dodging
   571 | D:1      | Reached XP level 2. HP: 14/14 MP: 3/3
   730 | D:2      | Found an ornate altar of the Wu Jian Council.
   867 | D:3      | Reached skill level 4 in Dodging
   965 | D:3      | Reached XP level 3. HP: 12/18 MP: 4/4
  1069 | D:4      | Found a staircase to the Ecumenical Temple.
  1078 | Temple   | Entered the Ecumenical Temple
  1113 | Temple   | Became a worshipper of Ru the Awakened
  1127 | Temple   | Succumbed to an adder's poison

Vault maps used:
D:1:      lemuel_arrival_river_ford
D:2:      lemuel_doored_altar
D:4:      minmay_temple_entry_mist, first_ration
Temple:   jpeg_temple_island

Skill      XL: |  1  2  3 |
---------------+----------+-----
Dodging        | 3 4 |  4.4
Fighting       | 2 |  2.0
Staves         | |  2.1
Throwing       | |  2.0
Stealth        | |  1.5
Unarmed Combat | |  1.0

Action                   || total
-------------------------++-------
Melee: Quarterstaff      ||    80
 Stab: Sleeping          ||     1
Armor: Robe              ||    12
Dodge: Dodged            ||    84

Table legend:
 A = Spawn XP
 B = Non-spawn XP
 C = Spawn XP percentage of total XP
 D = Spawn monster count
 E = Non-spawn monster count
 F = Spawn count percentage of total count
 G = Total turns spent on level
                    A         B        C        D         E        F      G
               +---------+---------+-------+---------+---------+-------+---------
         Total |       0 |      59 |   0.0 |       0 |      25 |   0.0 |  1127
               +---------+---------+-------+---------+---------+-------+---------
           D:1 |       0 |      12 |   0.0 |       0 |       7 |   0.0 |   614
           D:2 |       0 |      15 |   0.0 |       0 |       6 |   0.0 |   196
           D:3 |       0 |      18 |   0.0 |       0 |      11 |   0.0 |   227
        Temple |       0 |      14 |   0.0 |       0 |       1 |   0.0 |    49
               +---------+---------+-------+---------+---------+-------+---------
